 Dungeon Crawl Stone Soup version 0.28-a0-1493-g08698888e4 (webtiles) character file.

Game seed: 4001660460253114325

301 croobank the Insei (level 6, -5/50 HPs)
             Began as a Draconian Transmuter on Jan 12, 2022.
             Was a Believer of Okawaru.
             Slain by a killer bee (6 damage)
             ... on level 4 of the Dungeon.
             The game lasted 00:11:40 (2658 turns).

croobank the Insei (Draconian Transmuter)           Turns: 2658, Time: 00:11:41

Health: -5/50      AC:  6    Str: 10 (13) XL:     6   Next: 14%
Magic:  10/10      EV: 12    Int: 12 (13) God:    Okawaru [**....]
Gold:   127        SH:  0    Dex: 12 (13) Spells: 8/11 levels left

rFire   . . .      SeeInvis .   a - +2 hand axe (vamp)
rCold   . . .      Faith    .   (no shield)
rNeg    . . .      Spirit   .   (armour unavailable)
rPois   .          Reflect  .   (helmet restricted)
rElec   .          Harm     .   (no cloak)
rCorr   .          Rampage  .   (no gloves)
Will    .....                   (no boots)
Stlth   +.........              (no amulet)
HPRegen 0.16/turn               (no ring)
MPRegen 0.12/turn               (no ring)

@: mighty, lethally poisoned (-5 -> -12), wereblooded (expiring)
A: AC +6, unfitting armour, cold-blooded
a: Renounce Religion, Heroism


You were on level 4 of the Dungeon.
You worshipped Okawaru.
Okawaru was pleased with you.
You visited 1 branch of the dungeon, and saw 4 of its levels.

You collected 127 gold pieces.

Inventory:

Hand Weapons
 a - a +2 vampiric hand axe (weapon)
 b - a +0 hunting sling
 m - a +0 war axe
Missiles
 g - 21 poisoned darts
 h - 38 stones
 i - 16 bolts
 j - 2 javelins (quivered)
Armour
 o - an orb of energy
Scrolls
 c - a scroll of teleportation {unknown}
 d - a scroll of amnesia {unknown}
 k - a scroll of magic mapping {unknown}
 n - a scroll of identify {unknown}
 q - a scroll of blinking {unknown}
Potions
 p - a potion of curing {unknown}


   Skills:
 + Level 2.9 Fighting
 + Level 1.9 Axes
 + Level 2.8 Dodging
 - Level 3.2 Unarmed Combat
 + Level 3.1 Spellcasting
 + Level 3.1 Transmutations
 + Level 2.1 Invocations


You had 8 spell levels left.
You knew the following spells:

 Your Spells              Type           Power      Damage    Failure   Level
a - Beastly Appendage     Tmut           18%        N/A       7%          1
b - Wereblood             Tmut           9%         N/A       10%         2

Your spell library contained the following spells:

 Spells                   Type           Power      Damage    Failure   Level
 Spider Form              Tmut/Pois      5%         N/A       36%         3
 Ice Form                 Ice/Tmut       5%         N/A       77%         4


Dungeon Overview and Level Annotations

Branches:
Dungeon (4/15)
 Temple: D:4-7

Altars:
Okawaru
Yredelemnul

Annotations:
D:3 Sigmund


Innate Abilities, Weirdness & Mutations

Your plain brown scales are hard. (AC +6)
You cannot fit into any form of body armour.
You are cold-blooded and may be slowed by cold attacks.


Message History

* * * LOW HITPOINT WARNING * * *
A killer bee comes into view.
The killer bee barely misses you.
It was a potion of ambrosia.
You are confused.
You feel invigorated.
You howl as the wereblood boils in your veins!
You feel sick.
The killer bee buzzes angrily.
The killer bee stings you.
* * * LOW HITPOINT WARNING * * *
The killer bee barely misses you.
It was a potion of might.
You feel very mighty all of a sudden.
You howl as the wereblood boils in your veins!
You feel sick. The killer bee stings you.
* * * LOW HITPOINT WARNING * * *
The killer bee closely misses you.
You bump into the rock wall.
You feel less invigorated.
You feel less confused.
You feel sick. The killer bee misses you. The killer bee closely misses you.
You closely miss the killer bee.
The killer bee is moderately wounded.
You feel sick.
You are no longer poisoned.
The killer bee closely misses you.
The killer bee stings you but does no damage.
You barely miss the killer bee.
The killer bee is moderately wounded.
Your primal bloodlust is almost over.
The killer bee closely misses you. x2; The killer bee stings you!
* * * LOW HITPOINT WARNING * * *
You are lethally poisoned!
The killer bee poisons you!
It was a potion of degeneration.
There was something very wrong with that liquid.
You feel weakened.
You feel dopey.
You feel clumsy.
* * * LOW HITPOINT WARNING * * *
You feel sick. The killer bee stings you.
You die...

##.....##.#
#.....###.# #)†.†##
#.# #.[..# #.#
###))..####.#
##..)<..##<..#
#..##)##...###
#.######.###.#.[..#
....yyy@.# #.....##
....>h#### ###...#
..... ##...# ....
#..### ..> #..# #.
#..# # #.## ###


You could see a hound and 3 killer bees.

Vanquished Creatures
  2 killer bees (D:4)
  Natasha (thrice) (D:2)
  Robin (D:4)
  4 adders
  An adder skeleton (D:4)
  2 worms (D:2)
  2 dart slugs
  2 orcs
  A bat (D:1)
  7 endoplasms
  4 giant cockroaches
  15 goblins
  9 hobgoblins
  3 quokkas
  8 ball pythons
  3 frilled lizards
  5 kobolds
  8 rats
80 creatures vanquished.

Vanquished Creatures (others)
  4 plants (D:4)
4 creatures vanquished.

Grand Total: 84 creatures vanquished

Notes
Turn   | Place    | Note
-------+----------+-------------------------------------------
     0 | D:1      | croobank the Draconian Transmuter began the quest for the
                  | Orb.
     0 | D:1      | Reached XP level 1. HP: 16/16 MP: 3/3
    51 | D:1      | Reached XP level 2. HP: 16/23 MP: 1/5
   314 | D:1      | Learned a level 2 spell: Wereblood
   611 | D:1      | Found a faded altar of an unknown god.
   655 | D:1      | Prayed at the altar of an unknown god.
   655 | D:1      | Became a worshipper of Warmaster Okawaru
   655 | D:1      | Reached * piety under Okawaru
   902 | D:1      | Reached XP level 3. HP: 23/29 MP: 4/6
  1134 | D:2      | Noticed Natasha
  1141 | D:2      | Killed Natasha
  1198 | D:2      | Reached XP level 4. HP: 34/36 MP: 7/7
  1294 | D:2      | Noticed Natasha
  1301 | D:2      | Killed Natasha
  1302 | D:2      | Reached skill level 1 in Invocations
  1313 | D:2      | Noticed Natasha
  1317 | D:2      | Killed Natasha
  1318 | D:2      | Reached skill level 1 in Axes
  1744 | D:2      | Reached XP level 5. HP: 32/42 MP: 9/9
  2273 | D:3      | Found a basalt altar of Yredelemnul.
  2319 | D:3      | Noticed Sigmund
  2455 | D:4      | Noticed Robin
  2464 | D:4      | Killed Robin
  2647 | D:4      | Reached ** piety under Okawaru
  2649 | D:4      | Reached XP level 6. HP: 23/50 MP: 7/10
  2658 | D:4      | HP: 1/50 [poisoned by a killer bee]
  2658 | D:4      | Slain by a killer bee

Illustrated notes

Levels and vault maps discovered:
D:1:      mainiacjoe_arrival_reflecting_pool, layout_rooms,
          hellmonk_ecumenical_altar_zigzags
D:2:      layout_loops_ring, minmay_crystal_room, uniq_natasha
D:3:      layout_basic, mainiacjoe_overflow_chevrons, serial_shops, shop,
          chequers_serial_rivers_room_b, uniq_sigmund, uniq_ijyb
D:4:      minmay_polygon_palace, layout_rooms, serial_bayou_crossing, uniq_robin

Skill      XL: |  1  2  3  4  5 |
---------------+----------------+-----
Dodging        | 2 |  2.8
Fighting       | 2 |  2.9
Invocations    | 1 2 |  2.1
Axes           | 1 |  1.9
Transmutations | 3 |  3.1
Spellcasting   | 3 |  3.1
Unarmed Combat | |  3.2

Action                   |  1- 3 |  4- 6 || total
-------------------------+-------+-------++-------
Melee: Unarmed           |    63 |       ||    63
       Headbutt          |    14 |    14 ||    28
       Kick              |    17 |    20 ||    37
       Tailslap          |     8 |    14 ||    22
       Hand axe          |    18 |   106 ||   124
 Cast: Beastly Appendage |    21 |    21 ||    42
       Wereblood         |       |     4 ||     4
  Use: Potion            |       |     3 ||     3
 Stab: Sleeping          |       |     1 ||     1
Armor: Skin              |    13 |    20 ||    33
Dodge: Dodged            |    48 |    78 ||   126

Table legend: (Time is in decaauts)
 A = Elapsed time spent in this place.
 B = Non-inter-level travel time spent in this place.
 C = Inter-level travel time spent in this place.
 D = Time resting spent in this place.
 E = Time spent auto-exploring this place.
 F = Levels seen in this place.
 G = Mean time per level.
                   A        B        C        D        E       F      G
               +--------+--------+--------+--------+--------+-----+--------+
         Total |   2695 |   2640 |     55 |     29 |   1796 |   4 |  673.8 |
       Dungeon |   2695 |   2640 |     55 |     29 |   1796 |   4 |  673.8 |
               +--------+--------+--------+--------+--------+-----+--------+

Top non-repeatable levels by time:
     D:1: 1131 daAuts
     D:2: 1060 daAuts
     D:3: 277 daAuts
     D:4: 225 daAuts
